[Event "December 19 Early 2023"]
[Site "https://www.chess.com"]
[Date "2023.12.19"]
[Round "11"]
[White "Maksimovic, Bojan"]
[Black "Suleymanli, Aydin"]
[Result "1-0"]
[Board "8"]
[TimeControl "180+1"]
[WhiteFideId "14408120"]
[BlackFideId "13413937"]
[WhiteElo "2527"]
[BlackElo "2553"]
[WhiteTeam "BIH"]
[BlackTeam "AZE"]
[WhiteClock "0:00:09"]
[BlackClock "0:00:03"]

1. Nf3 d6 2. g3 e5 3. d3 g6 4. Bg2 Bg7 5. O-O Ne7 6. Nbd2 O-O 7. e4 a5 8. c3 c5 9. a4 b6 10. Nc4 Bb7 11. Qb3 Nc8 12. Bg5 Qc7 13. Na3 h6 14. Be3 Qd7 15. Nd2 Kh7 16. Ndc4 f5 17. f4 fxe4 18. dxe4 exf4 19. Bxf4 Qe6 20. Qc2 Ba6 21. b3 Nc6 22. Rad1 Rd8 23. Nb5 Bxb5 24. axb5 N6e7 25. h4 a4 26. Kh2 axb3 27. Qxb3 Ra7 28. Rfe1 Qg8 29. Bf1 d5 30. exd5 Nxd5 31. Bd2 Nce7 32. Qc2 Rda8 33. Bg2 Ra2 34. Qd3 R8a7 35. Re2 Kh8 36. Rde1 Ra1 37. Rxa1 Rxa1 38. Nxb6 Nxb6 39. Rxe7 Ra2 40. Qxg6 Rxd2 41. Re8 Na4 42. Rxg8+ Kxg8 43. Qe8+ Kh7 44. Qe4+ Kh8 45. Qxa4 1-0

[Event "December 19 Early 2023"]
[Site "https://www.chess.com"]
[Date "2023.12.19"]
[Round "11"]
[White "Alexandre, Anne Shopie Elizabeth"]
[Black "Sarana, Alexey"]
[Result "0-1"]
[Board "9"]
[TimeControl "180+1"]
[WhiteFideId "11902418"]
[BlackFideId "24133795"]
[WhiteElo "2846"]
[BlackElo "2707"]
[WhiteTeam "HAI"]
[BlackTeam "SRB"]
[WhiteClock "0:00:00"]
[BlackClock "0:00:03"]

1. e4 c5 2. Nc3 d6 3. Nf3 Nf6 4. d4 cxd4 5. Nxd4 a6 6. Bd3 g6 7. f3 Qb6 8. a3 Nbd7 9. Be3 e5 10. Nf5 Nc5 11. Bxc5 Qxc5 12. Ng3 h5 13. Qe2 Bh6 14. Nf1 Be6 15. Nd2 Rc8 16. Nb3 Qb6 17. Na4 Qa7 18. h4 Bf4 19. Nc3 Bg3+ 20. Kd1 O-O 21. Qd2 Bf4 22. Qe1 Rfd8 23. g3 Be3 24. Nd2 d5 25. exd5 Nxd5 26. Nxd5 Bxd5 27. Qe2 Qc5 28. Ne4 Bxe4 29. fxe4 Qd4 30. Rb1 Rd6 31. Rf1 f5 32. Rf3 Bh6 33. Ke1 fxe4 34. Qxe4 Qxe4+ 35. Bxe4 Rc4 36. Bxb7 Rxc2 37. Rf2 Rc7 38. Be4 Rc4 39. Re2 Kg7 40. Kf2 Rb6 41. b4 Rd4 42. Rb3 g5 43. hxg5 Bxg5 44. Rd3 Rf6+ 45. Rf3 Rfd6 46. Rf5 Rf6 47. Rxf6 Kxf6 48. Kf3 Bd2 49. Rh2 Kg5 50. Rh1 Bc3 51. Rc1 Rc4 52. Rc2 Rc7 53. Ke2 Rc4 54. Kf3 Rc7 55. Bd3 Rf7+ 56. Kg2 Bd4 57. Bxa6 e4 58. Rc4 Rf2+ 59. Kh3 Rd2 60. Rc1 e3 61. Re1 Ra2 62. Rd1 Be5 63. Rd3 e2 64. Re3 Bd4 65. Rxe2 Rxa3 66. Bc8 Kf6 67. Re4 Be5 68. Kh4 Rc3 69. Bd7 Rd3 70. Bb5 Rc3 71. Kxh5 Rxg3 72. Kh4 Rg7 73. Kh3 Rg3+ 74. Kh4 Rg7 75. Kh3 Kf5 76. Re3 Kf4 77. Rb3 Ke4 78. Bc6+ Kd4 79. b5 Kc5 80. Re3 Bc7 81. Rf3 Kd4 82. Rf5 Ke3 83. Kh4 Bd8+ 84. Kh5 Ra7 85. Rf8 Bb6 86. Re8+ Kd4 87. Kg6 Ra1 88. Kf7 Rf1+ 89. Ke6 Kc5 90. Re7 Bd8 91. Rf7 Re1+ 92. Kd7 Bb6 93. Rf5+ Kb4 94. Kc8 Ka5 95. Rf3 Bc5 96. Rc3 Kb6 97. Rd3 Rg1 98. Kd7 Rg6 99. Ke8 Rf6 100. Kd7 Rg6 101. Rd5 Rf6 102. Ke8 Bb4 103. Kd7 Ba3 104. Ke8 Kc7 105. Rd7+ Kc8 106. Rf7 Re6+ 0-1

[Event "December 19 Early 2023"]
[Site "https://www.chess.com"]
[Date "2023.12.19"]
[Round "11"]
[White "Grandelius, Nils"]
[Black "IM_ArthurDW08"]
[Result "1-0"]
[Board "10"]
[TimeControl "180+1"]
[WhiteFideId "1710400"]
[WhiteElo "2573"]
[BlackElo "2798"]
[WhiteTeam "SWE"]
[WhiteClock "0:01:51"]
[BlackClock "0:01:23"]

1. d4 Nf6 2. Nf3 g6 3. g3 Bg7 4. Bg2 O-O 5. O-O d6 6. Re1 Nc6 7. d5 Nb4 8. e4 e5 9. dxe6 Bxe6 10. Nc3 Nc6 11. h3 h6 12. Be3 Qc8 13. Kh2 Ne5 14. Nxe5 dxe5 15. Nd5 Nxd5 16. exd5 Rd8 17. c4 c6 18. Qb3 Bf5 19. Rad1 cxd5 20. Rxd5 Qe6 21. g4 1-0

[Event "December 19 Early 2023"]
[Site "https://www.chess.com"]
[Date "2023.12.19"]
[Round "11"]
[White "Zakhartsov, Vladimir"]
[Black "Pakleza, Zbigniew"]
[Result "1-0"]
[Board "11"]
[TimeControl "180+1"]
[WhiteFideId "4145097"]
[BlackFideId "1119290"]
[WhiteElo "2448"]
[BlackElo "2410"]
[WhiteTeam "RUS"]
[BlackTeam "POL"]
[WhiteClock "0:00:06"]
[BlackClock "0:00:00"]

1. d4 d6 2. e4 Nf6 3. Nc3 c6 4. f4 Qb6 5. Be2 e5 6. Nf3 Nbd7 7. O-O Be7 8. Kh1 O-O 9. fxe5 dxe5 10. Nxe5 Nxe5 11. dxe5 Nd7 12. e6 fxe6 13. Rxf8+ Bxf8 14. a3 Ne5 15. Rb1 Ng6 16. Qd3 Qc7 17. Bg5 Qe5 18. Qd2 Bd6 19. g3 b5 20. Bh5 Bf8 21. Rf1 Ba6 22. Bxg6 hxg6 23. Bf4 Qh5 24. b4 c5 25. Qd7 cxb4 26. Qxe6+ Kh7 27. axb4 Bc8 28. Qd5 Bh3 29. Qxh5+ gxh5 30. Rb1 a6 31. Nd5 Re8 32. e5 Bf5 33. Ne3 Be4+ 34. Kg1 g5 35. Bxg5 Rxe5 36. Bf4 Re8 37. Rb3 Rc8 38. c3 Bg7 39. Ra3 Rc6 40. Nd1 Bc2 41. Ne3 Be4 42. Nd1 Bc2 43. Ne3 Ba4 44. h4 Bxc3 45. Nd5 Bd4+ 46. Be3 Be5 47. Bf4 Bd4+ 48. Kh2 Rc2+ 49. Kh3 Re2 50. g4 Bc2 51. gxh5 Bf5+ 52. Kg3 Be4 53. Ne3 Rb2 54. Rxa6 Rxb4 55. Re6 Bb1 56. Re7+ Kg8 57. Nd5 Rb3+ 58. Kg4 Bd3 59. Kg5 Bc4 60. Nf6+ Kf8 61. Bd6 Bxf6+ 62. Kxf6 Rf3+ 63. Kg5 Kg8 64. Re8+ Kh7 65. Be5 1-0

[Event "December 19 Early 2023"]
[Site "https://www.chess.com"]
[Date "2023.12.19"]
[Round "11"]
[White "Szpar, Milosz"]
[Black "Krzyzanowski, Marcin"]
[Result "0-1"]
[Board "12"]
[TimeControl "180+1"]
[WhiteFideId "1184989"]
[BlackFideId "1132199"]
[WhiteElo "2446"]
[BlackElo "2471"]
[WhiteTeam "POL"]
[BlackTeam "POL"]
[WhiteClock "0:00:05"]
[BlackClock "0:00:03"]

1. e4 e5 2. Nf3 Nc6 3. Bb5 a6 4. Ba4 d6 5. O-O g6 6. c3 Bg7 7. d4 Bd7 8. Re1 Nge7 9. Be3 O-O 10. Nbd2 b5 11. Bb3 h6 12. h3 Kh7 13. dxe5 dxe5 14. Bc5 Qe8 15. Nf1 Na5 16. Bd5 c6 17. Bb3 Nb7 18. Be3 c5 19. Ng3 Bc6 20. Bc2 Ng8 21. a4 Nf6 22. b4 cxb4 23. cxb4 Qe7 24. Qb1 Rfd8 25. a5 Nd6 26. Bb6 Rdc8 27. Nd2 Nd7 28. Be3 Bb7 29. Bb3 Bf8 30. Qa2 Kg7 31. Rac1 h5 32. f3 h4 33. Ne2 f5 34. Bd5 Nf6 35. Bxb7 Nxb7 36. exf5 gxf5 37. Rb1 Qf7 38. Qb2 Bd6 39. Bf2 Nd5 40. Nf1 Qf6 41. Red1 Ne7 42. Bxh4 Qxh4 43. Rxd6 Nxd6 44. Rd1 Qf6 45. Nfg3 Kf7 46. Nh5 Qe6 47. Nef4 Nc4 48. Qf2 exf4 49. Qh4 Qg6 50. Nxf4 Qf6 51. Qh7+ Qg7 52. Qh5+ Kg8 53. Rd7 Rd8 54. Rb7 Rd1+ 55. Kh2 Ne3 56. Qh4 Nf1+ 57. Kg1 Ng3+ 58. Kh2 Rh1# 0-1

[Event "December 19 Early 2023"]
[Site "https://www.chess.com"]
[Date "2023.12.19"]
[Round "11"]
[White "Pak, Yevgeniy"]
[Black "Durarbayli, Vasif"]
[Result "0-1"]
[Board "13"]
[TimeControl "180+1"]
[WhiteFideId "14201712"]
[BlackFideId "13402935"]
[WhiteElo "2320"]
[BlackElo "2551"]
[WhiteTeam "KAZ"]
[BlackTeam "AZE"]
[WhiteClock "0:00:02"]
[BlackClock "0:00:03"]

1. d4 e6 2. e4 d5 3. Nd2 Nf6 4. e5 Nfd7 5. Bd3 c5 6. c3 Nc6 7. Ne2 a5 8. f4 Qb6 9. Nf3 Be7 10. O-O a4 11. a3 c4 12. Bc2 Qb5 13. Be3 g6 14. Qd2 Na5 15. Rab1 Nb3 16. Qe1 h6 17. g4 Nf8 18. Ng3 Bd7 19. f5 h5 20. h3 hxg4 21. hxg4 gxf5 22. gxf5 exf5 23. Nxf5 Rg8+ 24. Kf2 Bxf5 25. Bxf5 Ne6 26. Rg1 Kd7 27. Qe2 Qb6 28. Rh1 Qd8 29. Rh7 Qf8 30. Rbh1 Kc6 31. R1h6 Kb5 32. Rxf7 Qxf7 33. Bxe6 Qg7 34. Bxd5 Qg3+ 35. Kf1 Na5 36. Be4 Rh8 37. Qg2 Qxg2+ 38. Kxg2 Rag8+ 39. Kf2 Rxh6 40. Bxh6 Rh8 41. Bf4 Rh1 42. d5 Bc5+ 43. Nd4+ Bxd4+ 44. cxd4 Rd1 45. Ke3 c3 46. bxc3 Nc4+ 47. Kf3 Nxa3 48. e6 Rh1 49. Kg4 Rh8 50. d6 Nc4 51. d7 Nb6 52. Bxb7 a3 53. e7 Nxd7 54. Kf5 a2 55. Ke6 Nb6 56. c4+ Nxc4 57. Kd7 a1=Q 58. Bc6+ Kb4 59. e8=Q Rxe8 60. Kxe8 Qxd4 61. Bc7 Qc5 62. Kd7 Ne5+ 63. Bxe5 Qxe5 0-1

[Event "December 19 Early 2023"]
[Site "https://www.chess.com"]
[Date "2023.12.19"]
[Round "11"]
[White "Yaran, Siar"]
[Black "Naroditsky, Daniel"]
[Result "0-1"]
[Board "14"]
[TimeControl "180+1"]
[WhiteFideId "6323006"]
[BlackFideId "2026961"]
[WhiteElo "2191"]
[BlackElo "2639"]
[WhiteTeam "TUR"]
[BlackTeam "USA"]
[WhiteClock "0:00:00"]
[BlackClock "0:01:25"]

1. Nf3 Nf6 2. c4 g6 3. b3 Bg7 4. Bb2 O-O 5. g3 d6 6. Bg2 e5 7. O-O Re8 8. Nc3 c6 9. e4 Bg4 10. h3 Bxf3 11. Qxf3 Nbd7 12. Rad1 Nc5 13. d3 Nfd7 14. Ne2 Ne6 15. d4 exd4 16. Nxd4 Ng5 17. Qf4 c5 18. h4 Bxd4 19. Rxd4 Ne6 20. Qxd6 cxd4 21. f4 Ndc5 22. Qd5 Nd3 23. Ba1 Qxd5 24. cxd5 Nec5 25. e5 Nb4 26. Bxd4 b6 27. Rf2 Nxd5 28. Bxd5 Rad8 29. Bc6 Re6 30. Bxc5 Rxc6 31. Bd6 Rdc8 32. g4 Rc2 33. f5 Rxf2 34. Kxf2 Rc2+ 35. Ke3 Rxa2 36. Ke4 Rb2 37. e6 fxe6 38. fxe6 Rxb3 39. Kd5 Re3 0-1

[Event "December 19 Early 2023"]
[Site "https://www.chess.com"]
[Date "2023.12.19"]
[Round "11"]
[White "So, Wesley"]
[Black "Finek, Vaclav"]
[Result "1-0"]
[Board "15"]
[TimeControl "180+1"]
[WhiteFideId "5202213"]
[BlackFideId "23718293"]
[WhiteElo "2767"]
[BlackElo "2309"]
[WhiteTeam "USA"]
[BlackTeam "CZE"]
[WhiteClock "0:00:58"]
[BlackClock "0:00:43"]

1. b3 e5 2. Bb2 Nc6 3. e3 Nf6 4. Bb5 Bd6 5. Na3 Na5 6. Be2 a6 7. c4 O-O 8. Nc2 c5 9. Nf3 e4 10. Ng5 Be7 11. d3 d5 12. cxd5 Qxd5 13. Nxe4 Nxe4 14. Bf3 Nxf2 15. Bxd5 Nxd1 16. Rxd1 Be6 17. Bxe6 fxe6 18. Ke2 Bf6 19. Ba3 Rac8 20. Rhf1 Be7 21. Ne1 Nc6 22. Nf3 a5 23. Rc1 Nb4 24. Bxb4 axb4 25. Rc2 Bd6 26. Ng5 Rxf1 27. Kxf1 Bxh2 28. Nxe6 Re8 29. Nxc5 Rxe3 30. Re2 Rxe2 31. Kxe2 b6 32. Ne4 Bg1 33. Ng5 Bc5 34. Kf3 h6 35. Nh3 g5 36. Ke4 Kf7 37. d4 Be7 38. Kf5 Bf6 39. d5 Bd4 40. d6 Bc5 41. d7 Ke7 42. Kg6 Kxd7 43. Kxh6 g4 44. Nf4 Kd6 45. Kg5 Ke5 46. Kxg4 Kd4 47. Kf5 Kc3 48. Ke4 Kb2 49. Kd3 Kxa2 50. Kc2 Bd6 51. Ne6 Bg3 52. Nd4 Be5 53. Ne2 b5 54. g4 Bf6 55. Ng3 Be5 56. Ne4 Bf4 57. g5 Be5 58. g6 Bg7 59. Ng5 Be5 60. Ne6 Bf6 61. g7 Bxg7 62. Nxg7 Ka3 63. Ne6 Ka2 64. Nd4 Ka3 65. Nxb5+ Ka2 66. Nd4 Ka3 67. Nc6 Ka2 68. Nxb4+ Ka3 69. Nd3 Ka2 70. b4 Ka3 71. b5 Ka4 72. b6 Ka5 73. b7 Ka6 74. b8=Q Ka5 75. Qb7 Ka4 76. Qb6 Ka3 77. Qb5 Ka2 78. Qb4 Ka1 79. Kc3 Ka2 80. Kd4 Ka1 81. Ke5 Ka2 82. Kf6 Ka1 83. Kg7 Ka2 84. Kh8 Ka1 85. Kg8 Ka2 86. Kf8 Ka1 87. Ke8 Ka2 88. Kd8 Ka1 89. Kc8 Ka2 90. Kb8 Ka1 91. Kc7 Ka2 92. Qb5 Ka1 93. Kc6 Ka2 94. Nc1+ Ka1 95. Ne2 Ka2 96. Kc5 Ka1 97. Kc4 Ka2 98. Kd3 Ka1 99. Kd2 Ka2 100. Ke1 Ka1 101. Kf1 Ka2 102. Kf2 Ka3 103. Ke3 Ka2 104. Kd2 Ka3 105. Kc2 Ka2 106. Qa4# 1-0

[Event "December 19 Early 2023"]
[Site "https://www.chess.com"]
[Date "2023.12.19"]
[Round "11"]
[White "Pranav, V"]
[Black "Rustemov, Alexander"]
[Result "1-0"]
[Board "16"]
[TimeControl "180+1"]
[WhiteFideId "25060783"]
[BlackFideId "4119002"]
[WhiteElo "2562"]
[BlackElo "2801"]
[WhiteTeam "IND"]
[BlackTeam "RUS"]
[WhiteClock "0:01:16"]
[BlackClock "0:00:00"]

1. e4 e6 2. d4 d5 3. Nc3 dxe4 4. Nxe4 Bd7 5. Nf3 Bc6 6. Bd3 Nd7 7. O-O Ngf6 8. Ng3 Be7 9. Re1 O-O 10. c4 Bb4 11. Rf1 Be7 12. a3 a5 13. Re1 b6 14. Bf4 Bb7 15. h3 Re8 16. Qe2 c5 17. Rad1 Bxf3 18. Qxf3 cxd4 19. Bb1 Bc5 20. Ne4 e5 21. Bg5 h6 22. Bh4 Be7 23. Bg3 Qc7 24. Rxd4 Rac8 25. Red1 Nc5 26. Nxf6+ Bxf6 27. Rd6 Rcd8 28. R6d5 Rxd5 29. cxd5 Qd6 30. Qe2 g6 31. Qb5 Rd8 32. b4 axb4 33. axb4 Nb3 34. Qc4 Na1 35. Qa2 Qxb4 36. Qxa1 Qd6 37. Be4 Kg7 38. Rb1 Rb8 39. Rb5 h5 40. h4 Qd8 41. Bxe5 Rb7 42. d6 Rd7 43. Bxf6+ Qxf6 44. Qxf6+ Kxf6 45. Rxb6 Ke6 46. Bc2 Rd8 47. Ba4 Ke5 48. d7 f6 49. Rb1 1-0

[Event "December 19 Early 2023"]
[Site "https://www.chess.com"]
[Date "2023.12.19"]
[Round "11"]
[White "Demchenko, Anton"]
[Black "Gabrielian, Artur"]
[Result "0-1"]
[Board "17"]
[TimeControl "180+1"]
[WhiteFideId "4160258"]
[BlackFideId "4131002"]
[WhiteElo "2545"]
[BlackElo "2441"]
[WhiteTeam "SLO"]
[BlackTeam "RUS"]
[WhiteClock "0:00:01"]
[BlackClock "0:00:19"]

1. e4 c5 2. a4 d6 3. Bb5+ Bd7 4. Nc3 Nf6 5. d3 g6 6. f4 Bg7 7. Nf3 Nc6 8. O-O a6 9. Bxc6 Bxc6 10. Qe1 b5 11. axb5 axb5 12. Rxa8 Qxa8 13. e5 dxe5 14. fxe5 Ng4 15. e6 f5 16. h4 O-O 17. Bf4 b4 18. Nd1 b3 19. cxb3 Rd8 20. Ne3 Rxd3 21. Nxg4 fxg4 22. Ne5 Rxb3 23. Qd2 Bd5 24. Bh6 Bxh6 25. Qxh6 Rxb2 26. Rd1 Rxg2+ 27. Kf1 Rh2 28. Qg5 Bc4+ 29. Nxc4 Qg2+ 30. Ke1 Qg1# 0-1

[Event "December 19 Early 2023"]
[Site "https://www.chess.com"]
[Date "2023.12.19"]
[Round "11"]
[White "Hong, Andrew"]
[Black "Ter-Sahakyan, Samvel"]
[Result "1-0"]
[Board "18"]
[TimeControl "180+1"]
[WhiteFideId "2099438"]
[BlackFideId "13302531"]
[WhiteElo "2460"]
[BlackElo "2556"]
[WhiteTeam "USA"]
[BlackTeam "ARM"]
[WhiteClock "0:00:04"]
[BlackClock "0:00:00"]

1. e4 e5 2. Nf3 Nc6 3. Bb5 a6 4. Ba4 Bc5 5. c3 Nge7 6. d4 exd4 7. cxd4 Bb4+ 8. Bd2 Bxd2+ 9. Nbxd2 d5 10. exd5 Qxd5 11. O-O O-O 12. h3 Qh5 13. Re1 Be6 14. Rc1 Rad8 15. Rc5 Qh6 16. Ne4 Bd5 17. Bc2 Nf5 18. Bb3 Bxb3 19. Qxb3 Nfxd4 20. Nxd4 Nxd4 21. Qxb7 Ne6 22. Rc2 Qg6 23. Qxa6 Rd4 24. Qc6 Rfd8 25. Rc3 h5 26. Rg3 Qf5 27. Rf3 Qa5 28. Nc3 Qg5 29. Rg3 Qf5 30. Rf3 Qg5 31. Rxf7 Nf4 32. Rxc7 Nxh3+ 33. Kf1 Nf4 34. g3 Nd3 35. Re8+ Rxe8 36. Qxe8+ Kh7 37. Rc8 Qf5 38. Qe3 Rd7 39. Qe4 Qxe4 40. Nxe4 Nxb2 41. Rc6 Kg8 42. Ng5 Rd8 43. Rc7 Ra8 44. Ne6 g6 45. Rg7+ Kh8 46. Rxg6 Kh7 47. Rg5 Kh6 48. Rf5 Rxa2 49. Nf4 Nd1 50. Rxh5+ Kg7 51. Nh3 Kg6 52. Re5 1-0

[Event "December 19 Early 2023"]
[Site "https://www.chess.com"]
[Date "2023.12.19"]
[Round "11"]
[White "Baskakov, Egor"]
[Black "Khumalo, Keith"]
[Result "1/2-1/2"]
[Board "19"]
[TimeControl "180+1"]
[WhiteFideId "24197866"]
[BlackFideId "14319470"]
[WhiteElo "2225"]
[BlackElo "2093"]
[WhiteTeam "RUS"]
[BlackTeam "RSA"]
[WhiteClock "0:00:13"]
[BlackClock "0:00:37"]

1. e4 c5 2. Nf3 d6 3. d4 cxd4 4. Nxd4 Nf6 5. Nc3 a6 6. a4 e6 7. g3 b6 8. Bg2 Bb7 9. O-O Be7 10. Re1 Qc7 11. Nb1 O-O 12. b3 Nc6 13. Nxc6 Bxc6 14. c4 b5 15. axb5 axb5 16. Rxa8 Bxa8 17. cxb5 Qc5 18. Ba3 Qxb5 19. e5 Nd5 20. exd6 Bf6 21. Nd2 Nc3 22. Qg4 h5 23. Qc4 Bxg2 24. Kxg2 Qb7+ 25. Ne4 Rc8 26. Qd3 Qxb3 27. Nxf6+ gxf6 28. d7 Rd8 29. Be7 Qb7+ 30. Qf3 Qxf3+ 31. Kxf3 Rxd7 32. Bxf6 Rd3+ 33. Kg2 Nd5 34. Be5 f6 35. Bb2 e5 36. Bc1 Kf7 37. h3 Rc3 38. Bd2 Rc2 39. Be3 Ke6 40. g4 hxg4 41. hxg4 Rc4 42. Kf3 f5 43. gxf5+ Kxf5 44. Rh1 e4+ 45. Kg3 Nf6 46. Rh4 Rc8 47. Rf4+ Ke5 48. Rh4 Rg8+ 49. Kh3 Kf5 50. Rf4+ Ke5 51. Rh4 Kf5 52. Rf4+ Ke5 53. Rh4 1/2-1/2

[Event "December 19 Early 2023"]
[Site "https://www.chess.com"]
[Date "2023.12.19"]
[Round "11"]
[White "Truskavetsky, Alexandr"]
[Black "Sjugirov, Sanan"]
[Result "0-1"]
[Board "20"]
[TimeControl "180+1"]
[WhiteFideId "14108577"]
[BlackFideId "4189302"]
[WhiteElo "2210"]
[BlackElo "2569"]
[WhiteTeam "RUS"]
[BlackTeam "HUN"]
[WhiteClock "0:00:07"]
[BlackClock "0:01:36"]

1. d4 Nf6 2. c4 e6 3. Nc3 Bb4 4. e3 O-O 5. Bd3 d5 6. cxd5 exd5 7. Ne2 c6 8. a3 Bd6 9. f3 c5 10. dxc5 Bxc5 11. b4 Bb6 12. Na4 Bc7 13. O-O Re8 14. Nd4 Nbd7 15. Re1 Ne5 16. Bf1 Qd6 17. f4 Nc4 18. Nb5 Qc6 19. Nxc7 Qxc7 20. Nb2 Bf5 21. Qb3 Rac8 22. Nd3 Ne4 23. Bb2 Ned2 24. Qc3 Nxb2 25. Qxd2 Nc4 26. Qf2 Qe7 27. Nc5 b6 28. Bxc4 dxc4 29. e4 Bd7 30. Nxd7 Qxd7 31. Rad1 Qa4 32. Qf3 c3 33. f5 Qxa3 34. f6 g6 35. Ra1 Qxb4 36. Rxa7 c2 37. Raa1 Qd4+ 38. Kf1 Rc3 39. Qf4 Rd3 40. Ra4 Qc3 41. Raa1 Qc4 42. Kg1 Qd4+ 43. Kf1 Rd1 44. Raxd1 cxd1=Q 45. Rxd1 Qxd1+ 46. Kf2 Qd4+ 47. Kf3 Qc3+ 48. Kg4 Qe5 49. Qh6 Qxe4+ 50. Kh3 Qe3+ 51. Qxe3 Rxe3+ 52. Kg4 Re6 53. Kg5 b5 54. h4 b4 55. h5 b3 56. g4 b2 57. Kh6 gxh5 58. g5 b1=Q 59. Kxh5 Qc1 60. g6 Qd1+ 61. Kh6 Qd2+ 62. Kh5 Qh2+ 63. Kg4 Qg2+ 64. Kf4 Re4+ 65. Kf5 Qg4# 0-1

[Event "December 19 Early 2023"]
[Site "https://www.chess.com"]
[Date "2023.12.19"]
[Round "11"]
[White "Manukyan, Sargis A."]
[Black "Tari, Aryan"]
[Result "0-1"]
[Board "21"]
[TimeControl "180+1"]
[WhiteFideId "13303970"]
[BlackFideId "1510045"]
[WhiteElo "2186"]
[BlackElo "2577"]
[WhiteTeam "ARM"]
[BlackTeam "NOR"]
[WhiteClock "0:00:03"]
[BlackClock "0:00:19"]

1. d4 d5 2. c4 e6 3. Nc3 c5 4. cxd5 cxd4 5. Qxd4 Nc6 6. Qa4 exd5 7. e3 Nf6 8. Nf3 Bb4 9. Bd2 O-O 10. Be2 Re8 11. O-O d4 12. Nb1 Bxd2 13. Nbxd2 dxe3 14. fxe3 Rxe3 15. Bc4 Be6 16. Bxe6 Rxe6 17. Rad1 Qb6+ 18. Kh1 Qb4 19. Qxb4 Nxb4 20. a3 Nbd5 21. Rfe1 Rxe1+ 22. Rxe1 Rc8 23. Nd4 g6 24. h3 a6 25. Kg1 h5 26. N2f3 Kg7 27. Kh2 b5 28. Kg1 Rc4 29. Rd1 Ne3 30. Rd2 Rc1+ 31. Kf2 Nc4 32. Re2 Rb1 33. b3 Nd6 34. Re7 Nde4+ 35. Ke2 Rb2+ 36. Ke1 Rxg2 37. Ne5 Nd6 38. Ne6+ Kg8 39. Nd8 Rg3 40. Ra7 Re3+ 41. Kf2 Rxe5 42. Nc6 Rf5+ 43. Kg3 Nfe4+ 44. Kg2 Rf2+ 45. Kg1 Rf3 46. a4 Rxb3 47. axb5 axb5 48. h4 Rg3+ 49. Kh2 Rg4 50. Kh3 Kg7 51. Ne5 Rf4 52. Nc6 Nf5 53. Nd8 Rf3+ 54. Kg2 Nxh4+ 55. Kh2 Nf2 56. Ne6+ Kh6 57. Nf8 Ng4+ 58. Kg1 Rb3 59. Ra1 Rb2 60. Nd7 Rg2+ 61. Kf1 Ne3+ 62. Ke1 Nf3# 0-1

[Event "December 19 Early 2023"]
[Site "https://www.chess.com"]
[Date "2023.12.19"]
[Round "11"]
[White "Jakubowski, Krzysztof"]
[Black "Popov, Konstantin"]
[Result "0-1"]
[Board "22"]
[TimeControl "180+1"]
[WhiteFideId "1112848"]
[BlackFideId "34137910"]
[WhiteElo "2369"]
[BlackElo "2340"]
[WhiteTeam "POL"]
[BlackTeam "FID"]
[WhiteClock "0:00:06"]
[BlackClock "0:01:32"]

1. e4 c5 2. Nf3 d6 3. d4 cxd4 4. Nxd4 Nf6 5. Nc3 a6 6. Be2 e5 7. Nb3 Be7 8. O-O O-O 9. a4 Nc6 10. f4 b6 11. Bf3 Bb7 12. Kh1 Na5 13. g4 exf4 14. Bxf4 Nc4 15. Nd4 g6 16. Bh6 Re8 17. Qe2 Ne5 18. g5 Nfd7 19. Bg2 Bxg5 20. Bxg5 Qxg5 21. Rg1 Qh4 22. Raf1 Nf6 23. Nf3 Nxf3 24. Qxf3 Kg7 25. Nd5 Bxd5 26. exd5 Re5 27. Bh3 Qe4 28. Bg2 Qxf3 29. Bxf3 Rc8 30. c3 Rc4 31. Bd1 Nxd5 32. Bb3 Rh4 33. Rf2 Nf4 34. Rd1 d5 35. Rdf1 g5 36. Bd1 a5 37. Bf3 f5 38. Rd2 Kf6 39. Bd1 Rh3 40. Bc2 Rhe3 41. Rdf2 Re2 42. h4 h6 43. hxg5+ hxg5 44. Bb3 R5e3 45. Ba2 Ke5 46. Rh2 Rxh2+ 47. Kxh2 Re2+ 48. Kg3 Rxb2 49. Bb1 Rg2+ 50. Kf3 g4+ 51. Ke3 Re2# 0-1

[Event "December 19 Early 2023"]
[Site "https://www.chess.com"]
[Date "2023.12.19"]
[Round "11"]
[White "Yeletsky, Ivan"]
[Black "Sevostianov, Vladimir"]
[Result "1-0"]
[Board "23"]
[TimeControl "180+1"]
[WhiteFideId "24180327"]
[BlackFideId "4144163"]
[WhiteElo "2379"]
[BlackElo "2150"]
[WhiteTeam "RUS"]
[BlackTeam "RUS"]
[WhiteClock "0:01:15"]
[BlackClock "0:01:27"]

1. e4 c5 2. Nf3 Nc6 3. Bc4 e6 4. O-O Nge7 5. Re1 d5 6. exd5 exd5 7. Bb5 Be6 8. Ng5 Qd7 9. Nc3 O-O-O 10. d3 a6 11. Na4 Qd6 12. Bxc6 Qxc6 13. b3 Ng6 14. Bd2 h6 15. Nxe6 fxe6 16. Qg4 Ne7 17. Rxe6 Qc7 18. Rc6+ 1-0

[Event "December 19 Early 2023"]
[Site "https://www.chess.com"]
[Date "2023.12.19"]
[Round "11"]
[White "Manukian, Artak"]
[Black "Shimanov, Aleksandr"]
[Result "0-1"]
[Board "24"]
[TimeControl "180+1"]
[WhiteFideId "13301373"]
[BlackFideId "4198603"]
[WhiteElo "2030"]
[BlackElo "2611"]
[WhiteTeam "ARM"]
[BlackTeam "RUS"]
[WhiteClock "0:00:09"]
[BlackClock "0:00:18"]

1. e4 c5 2. Nf3 e6 3. c3 Nf6 4. e5 Nd5 5. d4 cxd4 6. cxd4 b6 7. Nc3 Nxc3 8. bxc3 Qc7 9. Bd2 Bb7 10. Bd3 d6 11. O-O Nd7 12. Re1 dxe5 13. Nxe5 Nxe5 14. Rxe5 Bd6 15. Rh5 g6 16. Bb5+ Bc6 17. Qf3 Rc8 18. Bxc6+ Qxc6 19. d5 Qb7 20. Qf6 Rf8 21. Rxh7 Qxd5 22. Bh6 Be7 23. Qf4 g5 24. Qa4+ b5 25. Qa6 Rd8 26. Rf1 Rg8 27. a4 bxa4 28. Qxa4+ Qd7 29. Qc2 Qd3 30. Qa4+ Rd7 31. Rg7 Rxg7 32. Bxg7 f6 33. h4 Kf7 34. Bh6 Kg6 35. hxg5 fxg5 36. Re1 Kxh6 37. Rxe6+ Kg7 38. Re1 Bf6 39. Qc6 Rf7 40. c4 Bd4 41. Rf1 Qd2 42. Qd5 Bxf2+ 43. Kh1 Qxd5 44. cxd5 Bg3 45. Rxf7+ Kxf7 46. Kg1 Ke7 47. Kf1 Kd6 48. Ke2 Kxd5 49. Kf3 Be5 0-1

[Event "December 19 Early 2023"]
[Site "https://www.chess.com"]
[Date "2023.12.19"]
[Round "11"]
[White "Deac, Bogdan-Daniel"]
[Black "Haring, Filip"]
[Result "1/2-1/2"]
[Board "25"]
[TimeControl "180+1"]
[WhiteFideId "1226380"]
[BlackFideId "14933080"]
[WhiteElo "2641"]
[BlackElo "2375"]
[WhiteTeam "ROU"]
[BlackTeam "SVK"]
[WhiteClock "0:00:04"]
[BlackClock "0:00:04"]

1. e4 e6 2. d4 d5 3. Nc3 Bb4 4. Ne2 dxe4 5. a3 Be7 6. Nxe4 Nf6 7. Nxf6+ Bxf6 8. Be3 O-O 9. Qd2 Nc6 10. O-O-O e5 11. d5 Ne7 12. Ng3 Nf5 13. Nxf5 Bxf5 14. h3 Be7 15. g4 Bd7 16. Bd3 a5 17. Qe2 Rb8 18. c4 Ba4 19. Bc2 Bxc2 20. Kxc2 b6 21. h4 Qd7 22. Kb1 Bd6 23. g5 Qe7 24. Qc2 f5 25. gxf6 Qxf6 26. h5 Qf5 27. Rdg1 Qxc2+ 28. Kxc2 Rf5 29. Kd3 Rbf8 30. Rg2 R8f7 31. Ke4 Bc5 32. Rh3 Bxe3 33. fxe3 Kf8 34. Rhg3 Rxh5 35. b4 axb4 36. axb4 Rh4+ 37. Rg4 Rxg4+ 38. Rxg4 h5 39. Rg5 g6 40. Rxg6 Rh7 41. Kxe5 h4 42. Rg2 h3 43. Rh2 Rh5+ 44. Kf6 Rh4 45. e4 Rxe4 46. Rxh3 Ke8 47. c5 bxc5 48. bxc5 Kd7 49. Rh7+ Kc8 50. Re7 Rd4 51. Ke5 Rd1 52. c6 Re1+ 53. Kf6 Rf1+ 54. Kg7 Rg1+ 55. Kf8 Rf1+ 56. Rf7 Rd1 57. Ke7 Re1+ 58. Kf6 Rf1+ 59. Kg6 Rg1+ 60. Kh5 Kb8 61. Rd7 Rd1 62. Kg5 Kc8 63. Kf5 Rf1+ 64. Ke4 Re1+ 65. Kd3 Rd1+ 66. Kc2 Rd4 67. Kc3 Rd1 68. Kc4 Rc1+ 69. Kd4 Rd1+ 70. Ke5 Re1+ 71. Kf6 Rf1+ 72. Ke7 Re1+ 73. Kf8 Rf1+ 74. Rf7 Rd1 75. Ke7 Re1+ 76. Kf8 Rd1 1/2-1/2

[Event "December 19 Early 2023"]
[Site "https://www.chess.com"]
[Date "2023.12.19"]
[Round "11"]
[White "Krysa, Leandro"]
[Black "Steinberg, Nitzan"]
[Result "1-0"]
[Board "26"]
[TimeControl "180+1"]
[WhiteFideId "116807"]
[BlackFideId "2801795"]
[WhiteElo "2495"]
[BlackElo "2486"]
[WhiteTeam "ARG"]
[BlackTeam "ISR"]
[WhiteClock "0:00:28"]
[BlackClock "0:00:00"]

1. e4 c5 2. Nf3 e6 3. d4 cxd4 4. Nxd4 Nc6 5. Nc3 Qc7 6. g4 a6 7. Be3 b5 8. Nxc6 dxc6 9. Qf3 e5 10. O-O-O Bb4 11. Ne2 Be6 12. Kb1 Ne7 13. a3 Bd6 14. Ng3 g6 15. h4 O-O-O 16. Bh3 c5 17. g5 Nc6 18. Rd5 Kb8 19. c3 Na5 20. Bg4 Nc4 21. Rhd1 Nb6 22. Bxe6 fxe6 23. R5d3 Na4 24. Qf6 Rhe8 25. h5 c4 26. R3d2 Qe7 27. hxg6 hxg6 28. Rxd6 Rxd6 29. Qxe5 Rd8 30. Bf4 Ka8 31. Rxd6 Re8 32. Rxa6+ 1-0